General information
- name: BNet
- type: Ladder 1vs1/FFA
- host: Battle.net
- saver: Oster
map: CentaurGrove
- players: 2
- length: 12:00
- speed: Fast
- version: 1.26 W3XP
- replay type: Public
» download(31 KB)
Players
team 1 (loser)
defiantTK (
purple | 34 APM | 403 actions | 11:58)
3 Demon Hunter
1 Immolation
1 Evasion
1 Mana Burn
1 Keeper of the Grove
1 Entangling Roots
» actions
| Build / train | 34 | |
| Enter build submenu | 8 | |
| Enter hero's abilities submenu | 4 | |
| Right click | 196 | |
| Select / deselect | 135 | |
| Use ability | 25 | |
403 total
» units
» buildings
| Altar of Elders | 1 | |
| Moon Well | 3 | |
| Ancient of War | 1 | |
| Hunter's Hall | 1 | |
| Ancient Protector | 1 | |
| Tree of Ages | 1 | |
8 total
» build order
00:07 Altar of Elders
00:09 Moon Well
00:28 Ancient of War
01:55 Hunter's Hall
02:12 Moon Well
04:27 Ancient Protector
05:02 Tree of Ages
06:22 Moon Well
team 2 (winner)
Oster (
blue | 60 APM | 725 actions | 12:00)
5 Blademaster
2 Wind Walk
3 Critical Strike
» actions
| Assign group hotkey | 22 | |
| Basic commands | 26 | |
| Build / train | 35 | |
| Enter build submenu | 16 | |
| Enter hero's abilities submenu | 5 | |
| Give item / drop item | 3 | |
| Right click | 307 | |
| Select / deselect | 111 | |
| Select group hotkey | 159 | |
| Use ability | 41 | |
725 total
» units
» upgrades
| Ranged Weapons | 2 | |
| Envenomed Spears | 1 | |
3 total
» buildings
| Altar of Storms | 1 | |
| Orc Burrow | 4 | |
| Voodoo Lounge | 2 | |
| War Mill | 1 | |
| Watch Tower | 6 | |
| Stronghold | 1 | |
| Beastiary | 2 | |
| Fortress | 1 | |
18 total
» build order
00:05 Altar of Storms
00:19 Orc Burrow
00:38 Voodoo Lounge
00:45 Voodoo Lounge
01:19 War Mill
01:39 Orc Burrow
03:03 Watch Tower
03:16 Stronghold
03:19 Watch Tower
03:33 Watch Tower
04:23 Watch Tower
04:23 Watch Tower
04:55 Watch Tower
05:02 Orc Burrow
05:38 Beastiary
05:41 Beastiary
07:15 Orc Burrow
08:44 Fortress
» items
| Lesser Clarity Potion | 3 | |
| Healing Salve | 2 | |
| Boots of Speed | 1 | |
6 total
Chat log
(10:49 / All) Oster: lol
(10:53 / All) Oster: want your nuts back?
(11:05 / All) defiantTK: your so gay
(11:10 / All) Oster: angry?
(11:15 / All) defiantTK: no
(11:18 / All) Oster: they always dey
(11:19 / All) Oster: deny
(11:27 / All) defiantTK: i just know a fag when i see one
(11:33 / All) Oster: because you lost and it hurts your feelings
(11:37 / All) Oster: thats cute
(11:46 / All) defiantTK: good strategy bro
(11:51 / All) Oster: beat you didnt it?
(11:54 / All) defiantTK: i used that when i was in 4th grade